 Dungeon Crawl Stone Soup version 0.31-a0-233-g139696dc86 (webtiles) character file.

Game seed: 14848902177128202490

7 qw the Shooter (level 2, -3/16 HPs)
             Began as a Gargoyle Hexslinger on July 8, 2023.
             Slain by Sigmund
             ... wielding a +0 scythe
              (5 damage)
             ... on level 2 of the Dungeon.
             The game lasted 00:00:09 (435 turns).

qw the Shooter (Gargoyle Hexslinger)                 Turns: 435, Time: 00:00:10

Health: -3/16      AC:  7    Str: 11    XL:     2   Next: 4%
Magic:  0/3        EV: 10    Int: 13    God:
Gold:   32         SH:  0    Dex: 12    Spells: 2/3 levels left

rFire   . . .        Y - +1 sling
rCold   . . .        (no shield)
rNeg    + . .        b - +0 ring mail
rPois   inf          (no helmet)
rElec   +            (no cloak)
rCorr   .            (no gloves)
SInv    .            (no boots)
Will    .....        d - amulet of guardian spirit Stlth
                     (no ring)
HPRegen 0.22/turn    (no ring)
MPRegen 0.08/turn

%: guardian spirit
@: confused
A: sickness immunity, AC +2, negative energy resistance 1, electricity
resistance, torment resistance 1, petrification resistance
a: no special abilities


You were on level 2 of the Dungeon.
You visited 1 branch of the dungeon, and saw 2 of its levels.

You collected 32 gold pieces.


Innate Abilities, Weirdness & Mutations

You are immune to sickness and miasma.
Your stone body is resilient. (AC +2)
You are immune to poison.
You resist negative energy. (rN+)
You are resistant to electric shocks. (rElec)
You are resistant to unholy torment.
You are immune to petrification.


   Skills:
 - Level 1.1 Fighting
 + Level 2.7 Ranged Weapons
 - Level 1.5 Dodging
 - Level 1.0 Spellcasting
 - Level 2.6 Hexes


You had 2 spell levels left.
You knew the following spells:

 Your Spells              Type           Power      Damage    Failure   Level
a - Slow                  Hex            28%        N/A       22%         1

Your spell library contained the following spells:

 Spells                   Type           Power      Damage    Failure   Level
 Inner Flame              Hex/Fire       4%         N/A       75%         3
 Portal Projectile        Hex/Tloc       8%         N/A       75%         3
 Cause Fear               Hex            3%         N/A       92%         4

Inventory:

Hand Weapons
 Y - a +1 sling (weapon)
Armour
 b - a +0 ring mail (worn)
Jewellery
 d - an amulet of guardian spirit (around neck)

Dungeon Overview and Level Annotations

Branches:
Dungeon (2/15)

Altars:

Annotations:
D:2 Sigmund


Message History

You shoot a sling bullet.
The sling bullet hits Sigmund but does no damage.
Sigmund is heavily wounded.
Sigmund barely misses you.
You shoot a sling bullet. The sling bullet hits Sigmund.
Sigmund is severely wounded.
Sigmund closely misses you.
You shoot a sling bullet. The sling bullet hits Sigmund.
Sigmund is almost dead.
Sigmund barely misses you.
You shoot a sling bullet. The sling bullet hits Sigmund.
Sigmund is almost dead.
Sigmund hits you from afar with a +0 scythe!
Ouch! That really hurt!
Enter note:
Enter note:
Enter note:
432 ||| READING scroll labelled WITENO ECYMN.
As you read the scroll labelled WITENO ECYMN, it crumbles to dust.
It is a scroll of identify.
You don't currently have any unidentified items.
Sigmund mumbles some strange words.
Sigmund flickers and vanishes!
Deactivating autopickup; reactivate with Ctrl-A.
Autopickup is now on.
Enter note: You hear some strange, mumbled words.
Deactivating autopickup; reactivate with Ctrl-A.
You are confused.
Autopickup is now on.
Enter note:
Enter note:
Enter note:
Enter note:
Enter note: Something hits you!
Deactivating autopickup; reactivate with Ctrl-A.
Autopickup is now on.
Something hits you.
You die...

#.# #..#. #)...
##.####..#. #....
#........#.##.... .
#..#####.#....... ...
#..####<.####....
....###....##.....[....
.....{.................
..#.....##......#.##
#@#############.## #.#
#...... ..# #.#....
##### #.#.... ...
###.#....
###.########........
........#....#......
..........##########
........############


There were no monsters in sight!

Vanquished Creatures
  A dart slug (D:1)
  A bat (D:2)
  A giant cockroach (D:2)
  A goblin (D:1)
  A frilled lizard (D:2)
5 creatures vanquished.

Notes
Turn   | Place    | Note
-------+----------+-------------------------------------------
     0 | D:1      | qw the Gargoyle Hexslinger began the quest for the Orb.
     0 | D:1      | Reached XP level 1. HP: 12/12 MP: 2/2
     0 | D:1      | 0 ||| qw: Version: 0.3-a-46-gb1f654a
     0 | D:1      | 0 ||| qw: Game counter: 3622
     0 | D:1      | 0 ||| qw: Melee chars always use a shield: true
     0 | D:1      | 0 ||| qw: God list: Okawaru
     0 | D:1      | 0 ||| qw: Allow faded altars: false
     0 | D:1      | 0 ||| qw: Do Orc after clearing Dungeon:15 true
     0 | D:1      | 0 ||| qw: Do second Lair branch before Depths: true
     0 | D:1      | 0 ||| qw: Lair rune preference: random
     0 | D:1      | 0 ||| qw: Goals: Normal
     0 | D:1      | 0 ||| PLANNING D:1-11
   197 | D:1      | 197 ||| DROPPING scroll of poison.
   215 | D:2      | 215 ||| STAIRDANCE
   354 | D:2      | 354 ||| UPGRADING to +0 ring mail.
   364 | D:2      | 364 ||| DROPPING +0 robe.
   365 | D:2      | 365 ||| UPGRADING to amulet of guardian spirit.
   376 | D:2      | 376 ||| STAIRDANCE
   381 | D:1      | Reached XP level 2. HP: 12/16 MP: 3/3
   412 | D:2      | Noticed Sigmund
   432 | D:2      | 432 ||| READING scroll labelled WITENO ECYMN.
   434 | D:2      | HP: 1/16 [something (6)]
   435 | D:2      | Slain by Sigmund

Levels and vault maps discovered:
D:1:      dpeg_arrival_water_fire, layout_loops_corners, minmay_cut_off
D:2:      layout_basic, chequers_ecumenical_altar_twisty, uniq_sigmund

Action                     || total
---------------------------++-------
   Fire: Sling             ||    37
    Use: Scroll            ||     1
 Armour: Robe              ||     9
         Ring mail         ||     2
  Dodge: Dodged            ||    18

Table legend:
 A = Non-vault XP
 B = Vault XP
 C = Vault XP percentage of total XP
 D = Non-vault monster count
 E = Vault monster count
 F = Vault count percentage of total count
                 A         B        C        D         E       F
            +---------+---------+-------+---------+---------+-------
      Total |      11 |       0 |   0.0 |       5 |       0 |   0.0
            +---------+---------+-------+---------+---------+-------
        D:1 |       6 |       0 |   0.0 |       2 |       0 |   0.0
        D:2 |       5 |       0 |   0.0 |       3 |       0 |   0.0
            +---------+---------+-------+---------+---------+-------
